[ PARTIDA AOE2 · #479903766 ]
UnrankedIncas vs Saracens
[ ANÁLISIS DE REPETICIÓN · EXTRAÍDO DE LA PARTIDA GRABADA ]
Feudal
—
Castillos
—
Imperial
—
| APM promedio | 5.8 |
| APM pico | 47 |
| eAPM promedio | 2.7 |
| Aldeanos / militares | 27 / 0 |
Foco
⚔️ 33.3% · 🌾 66.7%
Unknown (2550) ×2
Feudal
10:57
Castillos
14:11
Imperial
—
| APM promedio | 19.0 |
| APM pico | 75 |
| eAPM promedio | 10.4 |
| Aldeanos / militares | 57 / 6 |
Foco
⚔️ 33.2% · 🌾 66.8%
Knight ×2 · Spearman ×2 · Monk ×1 · Scorpion ×1
Feudal
8:38
Castillos
22:47
Imperial
38:32
| APM promedio | 35.7 |
| APM pico | 94 |
| eAPM promedio | 13.5 |
| Aldeanos / militares | 107 / 134 |
Foco
⚔️ 27.9% · 🌾 72.1%
Archer ×128 · Skirmisher ×3 · Trebuchet (Packed) ×3
Feudal
9:46
Castillos
21:53
Imperial
39:05
| APM promedio | 33.4 |
| APM pico | 79 |
| eAPM promedio | 18.6 |
| Aldeanos / militares | 193 / 70 |
Foco
⚔️ 26.6% · 🌾 73.4%
Archer ×69 · Monk ×1
Feudal
11:59
Castillos
17:23
Imperial
42:59
| APM promedio | 30.1 |
| APM pico | 49 |
| eAPM promedio | 16.2 |
| Aldeanos / militares | 117 / 89 |
Foco
⚔️ 40.5% · 🌾 59.5%
Chu Ko Nu ×65 · Fire Lancer ×6 · Iron Pagoda ×6 · Monk ×3 · Archer ×3 · Skirmisher ×3
Feudal
8:53
Castillos
22:50
Imperial
39:02
| APM promedio | 31.1 |
| APM pico | 50 |
| eAPM promedio | 17.8 |
| Aldeanos / militares | 87 / 92 |
Foco
⚔️ 33.9% · 🌾 66.1%
Scout Cavalry ×60 · Camel Scout ×20 · Armored Elephant ×10 · Monk ×1 · Mangonel ×1
Feudal
10:09
Castillos
16:29
Imperial
—
| APM promedio | 31.4 |
| APM pico | 73 |
| eAPM promedio | 20.7 |
| Aldeanos / militares | 106 / 71 |
Foco
⚔️ 12.6% · 🌾 87.4%
Elephant Archer ×48 · Urumi Swordsman ×9 · Skirmisher ×8 · Mangonel ×4 · Spearman ×2
Feudal
10:55
Castillos
15:11
Imperial
34:49
| APM promedio | 42.8 |
| APM pico | 104 |
| eAPM promedio | 27.6 |
| Aldeanos / militares | 118 / 121 |
Foco
⚔️ 21.3% · 🌾 78.7%
Scout Cavalry ×89 · Knight ×15 · Ballista Elephant ×8 · Trebuchet (Packed) ×8 · Monk ×1
Mapa de la partida
Recursos iniciales + cada clic de construcción. Líneas = muros · curvas = relieve. ◆ oro · ⬟ piedra · ● bayas · ✦ reliquia · ◌ hueco del cierre
Tu base· Abierta — flanco sin cerrar
Base de JohnSalchichon· Abierta — flanco sin cerrar
Base de Johnny Lausso· Abierta — flanco sin cerrar
Base de Ghost· Abierta — flanco sin cerrar
Base de Kowalski· ✓ Cerrada en 17:23 · 47t muro · sin puerta
Base de TheMasterW· Abierta — flanco sin cerrar
Base de chengyp8676· ✓ Cerrada en 16:29 · 13t muro · 1 puerta(s)
Base de DD-Necolash· Abierta — flanco sin cerrar
Terreno inicial suavizado · ◌ = hueco del cierre detectado · pasá el cursor para detalles
Inputs por minuto
— Agua Mineral - - JohnSalchichon
Build order — Agua Mineral
34 acciones detectadas en el replay
| 0:04 | Crear | Villager (Male) |
| 0:06 | Construir | House |
| 0:08 | Construir | Barracks |
| 0:29 | Crear | Villager (Male) |
| 0:33 | Investigar | Loom |
| 0:48 | Crear | Villager (Male) |
| 0:49 | Crear | Villager (Male) |
| 0:57 | Crear | Unit 2550 |
| 1:53 | Crear | Villager (Male) |
| 1:54 | Crear | Villager (Male) |
| 2:28 | Crear | Villager (Male) |
| 2:28 | Crear | Villager (Male) |
| 2:28 | Crear | Villager (Male) |
| 2:54 | Crear | Villager (Male) |
| 2:54 | Crear | Villager (Male) |
| 3:20 | Crear | Villager (Male) |
| 3:58 | Crear | Villager (Male) |
| 3:59 | Crear | Villager (Male) |
| 4:17 | Crear | Villager (Male) |
| 4:35 | Crear | Villager (Male) |
| 4:49 | Construir | House |
| 5:02 | Crear | Unit 2550 |
| 5:19 | Crear | Villager (Male) |
| 5:19 | Crear | Villager (Male) |
| 5:40 | Crear | Villager (Male) |
| 6:12 | Crear | Villager (Male) |
| 6:12 | Crear | Villager (Male) |
| 6:36 | Crear | Villager (Male) |
| 6:36 | Crear | Villager (Male) |
| 6:55 | Crear | Villager (Male) |
| 7:27 | Construir | Settlement |
| 7:43 | Crear | Villager (Male) |
| 8:13 | Crear | Villager (Male) |
| 8:37 | Crear | Villager (Male) |
Build order — JohnSalchichon
102 acciones detectadas en el replay
| 0:02 | Crear | Villager (Male) ×4 |
| 0:03 | Construir | House |
| 0:05 | Construir | House |
| 1:37 | Crear | Villager (Male) |
| 1:38 | Crear | Villager (Male) |
| 1:40 | Crear | Villager (Male) |
| 1:40 | Crear | Villager (Male) |
| 2:23 | Crear | Villager (Male) |
| 2:23 | Crear | Villager (Male) |
| 2:23 | Crear | Villager (Male) |
| 2:53 | Crear | Villager (Male) |
| 2:53 | Crear | Villager (Male) |
| 2:54 | Crear | Villager (Male) |
| 2:55 | Crear | Villager (Male) |
| 3:26 | Construir | Lumber Camp |
| 3:33 | Crear | Villager (Male) |
| 3:33 | Crear | Villager (Male) |
| 3:33 | Crear | Villager (Male) |
| 3:46 | Construir | House |
| 3:48 | Construir | House |
| 4:06 | Crear | Villager (Male) |
| 4:06 | Crear | Villager (Male) |
| 4:27 | Crear | Villager (Male) |
| 4:28 | Crear | Villager (Male) |
| 4:28 | Crear | Villager (Male) |
| 4:28 | Crear | Villager (Male) |
| 4:31 | Construir | House |
| 4:47 | Crear | Villager (Male) |
| 4:47 | Crear | Villager (Male) |
| 4:47 | Crear | Villager (Male) |
| 5:03 | Crear | Villager (Male) |
| 5:04 | Crear | Villager (Male) |
| 5:04 | Crear | Villager (Male) |
| 5:53 | Crear | Villager (Male) |
| 5:54 | Crear | Villager (Male) |
| 5:54 | Crear | Villager (Male) |
| 5:54 | Crear | Villager (Male) |
| 5:57 | Construir | Mill |
| 7:06 | Crear | Villager (Male) |
| 7:06 | Crear | Villager (Male) |
| 7:06 | Crear | Villager (Male) |
| 7:06 | Crear | Villager (Male) |
| 7:36 | Construir | Mining Camp |
| 7:37 | Crear | Villager (Male) |
| 8:47 | Investigar | Feudal Age |
| 9:30 | Crear | Villager (Male) |
| 9:31 | Crear | Villager (Male) |
| 10:57 | Edad | Edad Feudal |
| 11:09 | Construir | Market |
| 11:13 | Construir | Blacksmith |
| 11:31 | Investigar | Castle Age |
| 12:23 | Construir | Palisade Wall |
| 12:24 | Construir | Palisade Wall |
| 12:32 | Construir | Barracks |
| 12:48 | Construir | Palisade Wall |
| 12:50 | Construir | Palisade Wall |
| 13:04 | Construir | House |
| 13:11 | Investigar | Loom |
| 13:19 | Construir | Stable |
| 13:49 | Construir | Watch Tower |
| 14:01 | Crear | Villager (Male) |
| 14:02 | Crear | Spearman |
| 14:11 | Edad | Edad de los Castillos |
| 14:16 | Construir | House |
| 14:17 | Construir | House |
| 14:21 | Construir | House |
| 14:23 | Construir | Palisade Wall |
| 14:25 | Investigar | Double-Bit Axe |
| 14:32 | Crear | Knight |
| 14:40 | Crear | Villager (Male) |
| 15:02 | Crear | Knight |
| 16:47 | Construir | Farm |
| 16:49 | Construir | Farm |
| 16:52 | Construir | Farm |
| 17:33 | Crear | Villager (Male) |
| 17:42 | Construir | Lumber Camp |
| 18:54 | Construir | Town Center |
| 18:59 | Crear | Villager (Male) |
| 19:00 | Crear | Villager (Male) |
| 19:49 | Construir | Siege Workshop |
| 20:02 | Crear | Villager (Male) |
| 20:25 | Construir | Farm |
| 20:34 | Crear | Villager (Male) |
| 20:34 | Crear | Villager (Male) |
| 20:39 | Crear | Villager (Male) |
| 20:50 | Construir | Barracks |
| 21:21 | Construir | Monastery |
| 21:24 | Crear | Villager (Male) |
| 21:58 | Construir | Palisade Gate |
| 22:10 | Crear | Villager (Male) |
| 22:14 | Crear | Scorpion |
| 22:19 | Crear | Monk |
| 22:21 | Crear | Villager (Male) |
| 22:30 | Construir | Farm |
| 22:49 | Crear | Villager (Male) |
| 22:49 | Crear | Villager (Male) |
| 22:58 | Crear | Spearman |
| 23:13 | Construir | Farm |
| 23:13 | Construir | Farm |
| 23:13 | Construir | Farm |
| 23:38 | Crear | Villager (Male) |
| 23:39 | Crear | Villager (Male) |
Build order — Johnny Lausso
Primeras 150 de 264 acciones detectadas
| 0:01 | Crear | Villager (Male) |
| 0:01 | Crear | Villager (Male) |
| 0:02 | Crear | Villager (Male) |
| 0:02 | Crear | Villager (Male) |
| 0:03 | Construir | House |
| 0:04 | Construir | House |
| 1:34 | Crear | Villager (Male) |
| 1:56 | Crear | Villager (Male) |
| 2:12 | Construir | Lumber Camp |
| 2:17 | Crear | Villager (Male) |
| 2:18 | Crear | Villager (Male) |
| 2:35 | Crear | Villager (Male) |
| 2:35 | Crear | Villager (Male) |
| 2:56 | Crear | Villager (Male) |
| 2:56 | Crear | Villager (Male) |
| 3:05 | Crear | Villager (Male) |
| 4:06 | Crear | Villager (Male) |
| 4:06 | Crear | Villager (Male) |
| 4:12 | Construir | House |
| 4:44 | Crear | Villager (Male) |
| 5:01 | Crear | Villager (Male) |
| 5:20 | Investigar | Loom |
| 5:32 | Construir | Mining Camp |
| 6:28 | Investigar | Feudal Age |
| 7:43 | Construir | Barracks |
| 8:30 | Crear | Villager (Male) |
| 8:30 | Crear | Villager (Male) |
| 8:38 | Edad | Edad Feudal |
| 8:40 | Construir | Archery Range |
| 8:54 | Crear | Villager (Male) |
| 9:18 | Construir | House |
| 9:21 | Crear | Archer |
| 9:21 | Crear | Archer |
| 9:22 | Crear | Archer |
| 9:36 | Construir | House |
| 9:46 | Construir | House |
| 10:08 | Crear | Villager (Male) |
| 10:08 | Crear | Villager (Male) |
| 10:24 | Crear | Archer |
| 10:38 | Crear | Villager (Male) |
| 10:38 | Crear | Villager (Male) |
| 10:52 | Crear | Villager (Male) |
| 11:28 | Construir | Archery Range |
| 11:43 | Crear | Archer |
| 11:43 | Crear | Archer |
| 11:44 | Crear | Villager (Male) |
| 11:44 | Crear | Villager (Male) |
| 11:44 | Crear | Villager (Male) |
| 11:52 | Construir | Blacksmith |
| 11:54 | Construir | House |
| 11:57 | Construir | Mill |
| 13:10 | Construir | House |
| 13:14 | Crear | Archer |
| 13:14 | Crear | Archer |
| 13:14 | Crear | Archer |
| 13:15 | Crear | Villager (Male) |
| 13:15 | Crear | Villager (Male) |
| 14:07 | Crear | Villager (Male) |
| 14:07 | Crear | Villager (Male) |
| 14:07 | Crear | Villager (Male) |
| 14:09 | Construir | Farm |
| 14:09 | Construir | Farm |
| 14:10 | Construir | Farm |
| 14:10 | Construir | Farm |
| 14:10 | Construir | Farm |
| 14:10 | Construir | Farm |
| 14:11 | Construir | Farm |
| 14:11 | Construir | Farm |
| 14:11 | Construir | Farm |
| 14:15 | Crear | Villager (Male) |
| 14:15 | Crear | Villager (Male) |
| 14:29 | Construir | Gate |
| 14:33 | Construir | Stone Wall |
| 14:35 | Construir | Stone Wall |
| 14:46 | Investigar | Fletching |
| 14:49 | Construir | Farm |
| 14:49 | Construir | Farm |
| 14:50 | Construir | Farm |
| 14:50 | Construir | Farm |
| 14:50 | Construir | Farm |
| 15:17 | Crear | Archer ×5 |
| 16:00 | Crear | Villager (Male) |
| 16:00 | Crear | Villager (Male) |
| 16:00 | Crear | Villager (Male) |
| 16:01 | Crear | Villager (Male) |
| 16:03 | Construir | Farm |
| 16:03 | Construir | Farm |
| 16:03 | Construir | Farm |
| 16:03 | Construir | Farm |
| 16:35 | Construir | Archery Range |
| 16:37 | Crear | Villager (Male) |
| 16:38 | Crear | Villager (Male) |
| 16:38 | Crear | Villager (Male) |
| 17:17 | Construir | House |
| 17:18 | Construir | House |
| 17:19 | Crear | Villager (Male) |
| 17:19 | Crear | Villager (Male) |
| 17:19 | Crear | Villager (Male) |
| 17:23 | Construir | Farm |
| 17:24 | Construir | Farm |
| 17:24 | Construir | Farm |
| 17:47 | Crear | Villager (Male) |
| 17:47 | Crear | Villager (Male) |
| 17:47 | Crear | Villager (Male) |
| 17:47 | Crear | Villager (Male) |
| 17:51 | Construir | House |
| 17:52 | Construir | House |
| 18:08 | Crear | Archer ×5 |
| 18:09 | Crear | Archer |
| 18:09 | Crear | Archer |
| 18:19 | Crear | Villager (Male) |
| 18:19 | Crear | Villager (Male) |
| 18:19 | Crear | Villager (Male) |
| 18:21 | Construir | Farm |
| 18:21 | Construir | Farm |
| 18:21 | Construir | Farm |
| 18:21 | Construir | Farm |
| 18:44 | Construir | Mining Camp |
| 18:52 | Crear | Archer |
| 19:00 | Crear | Villager (Male) |
| 19:00 | Crear | Villager (Male) |
| 19:12 | Construir | Farm |
| 19:45 | Crear | Villager (Male) |
| 19:45 | Crear | Villager (Male) |
| 19:53 | Construir | Farm |
| 19:53 | Construir | Farm |
| 19:54 | Construir | Farm |
| 19:54 | Construir | Farm |
| 20:05 | Investigar | Castle Age |
| 20:18 | Crear | Archer ×2 |
| 21:25 | Crear | Archer ×4 |
| 21:31 | Investigar | Wheelbarrow |
| 21:33 | Investigar | Town Watch |
| 21:36 | Investigar | Padded Archer Armor |
| 21:48 | Crear | Villager (Male) |
| 21:49 | Crear | Villager (Male) |
| 21:54 | Construir | Farm |
| 21:54 | Construir | Farm |
| 21:54 | Construir | Farm |
| 21:54 | Construir | Farm |
| 21:55 | Construir | Farm |
| 21:55 | Construir | Farm |
| 22:47 | Edad | Edad de los Castillos |
| 22:51 | Investigar | Bodkin Arrow |
| 22:55 | Investigar | Crossbowman (upgrade) |
| 23:09 | Investigar | Thumb Ring |
| 23:42 | Crear | Archer ×2 |
| 23:42 | Crear | Archer ×2 |
| 24:01 | Crear | Archer ×2 |
| 24:05 | Construir | House |
Build order — Ghost
Primeras 150 de 343 acciones detectadas
| 0:04 | Crear | Villager (Male) |
| 0:04 | Crear | Villager (Male) |
| 0:04 | Crear | Villager (Male) |
| 0:04 | Crear | Villager (Male) |
| 0:06 | Construir | House |
| 0:07 | Construir | House |
| 1:21 | Crear | Villager (Male) |
| 2:10 | Crear | Villager (Male) |
| 2:41 | Construir | Lumber Camp |
| 2:45 | Crear | Villager (Male) |
| 2:45 | Crear | Villager (Male) |
| 2:52 | Crear | Villager (Male) |
| 2:52 | Crear | Villager (Male) |
| 3:38 | Crear | Villager (Male) |
| 3:38 | Crear | Villager (Male) |
| 4:00 | Crear | Villager (Male) |
| 4:00 | Crear | Villager (Male) |
| 4:03 | Crear | Villager (Male) |
| 4:03 | Crear | Villager (Male) |
| 4:27 | Construir | House |
| 4:42 | Crear | Villager (Male) |
| 4:42 | Crear | Villager (Male) |
| 5:28 | Crear | Villager (Male) |
| 5:28 | Crear | Villager (Male) |
| 5:28 | Crear | Villager (Male) |
| 5:47 | Investigar | Loom |
| 6:29 | Crear | Villager (Male) |
| 6:59 | Construir | Mining Camp |
| 7:01 | Crear | Villager (Male) |
| 7:36 | Investigar | Feudal Age |
| 8:14 | Construir | House |
| 9:00 | Construir | Barracks |
| 9:28 | Crear | Villager (Male) |
| 9:46 | Edad | Edad Feudal |
| 10:00 | Construir | Archery Range |
| 10:05 | Investigar | Double-Bit Axe |
| 10:06 | Crear | Villager (Male) |
| 10:19 | Crear | Villager (Male) |
| 10:48 | Construir | Lumber Camp |
| 10:53 | Crear | Villager (Male) |
| 10:55 | Crear | Villager (Male) |
| 11:00 | Crear | Archer |
| 11:00 | Crear | Archer |
| 11:00 | Crear | Archer |
| 11:00 | Crear | Archer |
| 11:12 | Construir | House |
| 11:13 | Construir | Palisade Wall |
| 11:39 | Crear | Villager (Male) |
| 11:58 | Construir | Archery Range |
| 12:10 | Crear | Villager (Male) |
| 12:25 | Crear | Archer |
| 12:36 | Construir | Watch Tower |
| 13:06 | Crear | Villager (Male) |
| 13:09 | Construir | Mill |
| 13:11 | Crear | Villager (Male) |
| 13:50 | Construir | House |
| 13:55 | Crear | Archer |
| 13:55 | Crear | Archer |
| 13:55 | Crear | Archer |
| 13:56 | Crear | Archer |
| 13:59 | Construir | House |
| 14:38 | Construir | House |
| 14:39 | Construir | House |
| 14:48 | Construir | Market |
| 14:56 | Construir | Blacksmith |
| 15:01 | Crear | Villager (Male) |
| 15:03 | Construir | Farm |
| 15:06 | Investigar | Horse Collar |
| 15:43 | Construir | Farm |
| 15:45 | Construir | Farm |
| 15:52 | Investigar | Fletching |
| 15:53 | Investigar | Fletching |
| 16:02 | Construir | Farm |
| 16:04 | Construir | Farm |
| 16:05 | Construir | Farm |
| 17:42 | Construir | Farm |
| 17:44 | Crear | Villager (Male) |
| 17:49 | Crear | Archer |
| 17:50 | Crear | Archer |
| 17:50 | Crear | Archer |
| 17:50 | Crear | Archer |
| 17:51 | Crear | Archer |
| 17:56 | Crear | Villager (Male) |
| 17:59 | Construir | Farm |
| 17:59 | Construir | Farm |
| 18:00 | Construir | Farm |
| 18:30 | Crear | Villager (Male) |
| 19:13 | Investigar | Castle Age |
| 19:13 | Investigar | Castle Age |
| 19:23 | Crear | Archer |
| 19:23 | Crear | Archer |
| 19:55 | Crear | Archer |
| 19:55 | Crear | Archer |
| 20:04 | Investigar | Gold Mining |
| 20:13 | Crear | Archer |
| 20:21 | Construir | House |
| 20:22 | Construir | House |
| 20:29 | Crear | Villager (Male) |
| 20:51 | Crear | Archer |
| 21:00 | Crear | Villager (Male) |
| 21:53 | Edad | Edad de los Castillos |
| 22:04 | Crear | Villager (Male) |
| 22:07 | Investigar | Crossbowman (upgrade) |
| 22:11 | Investigar | Bodkin Arrow |
| 22:11 | Investigar | Bodkin Arrow |
| 22:12 | Investigar | Padded Archer Armor |
| 22:18 | Crear | Archer |
| 22:18 | Crear | Archer |
| 22:18 | Crear | Archer |
| 22:48 | Crear | Villager (Male) |
| 22:48 | Crear | Villager (Male) |
| 22:57 | Crear | Archer |
| 23:05 | Crear | Archer |
| 23:05 | Crear | Archer |
| 23:09 | Construir | Mining Camp |
| 23:13 | Crear | Villager (Male) |
| 24:28 | Crear | Archer |
| 24:28 | Crear | Archer |
| 24:28 | Crear | Archer |
| 24:29 | Crear | Archer |
| 24:29 | Crear | Archer |
| 24:29 | Crear | Archer |
| 24:29 | Crear | Archer |
| 24:30 | Crear | Archer |
| 24:35 | Construir | House |
| 24:36 | Construir | House |
| 24:38 | Construir | Farm |
| 24:42 | Construir | Farm |
| 24:44 | Crear | Villager (Male) |
| 25:00 | Crear | Archer |
| 25:01 | Crear | Archer |
| 25:17 | Crear | Villager (Male) |
| 25:32 | Construir | Town Center |
| 25:34 | Construir | House |
| 25:35 | Construir | House |
| 25:37 | Crear | Archer |
| 25:38 | Crear | Archer |
| 25:38 | Crear | Archer |
| 25:51 | Crear | Archer |
| 25:52 | Crear | Archer |
| 26:32 | Crear | Villager (Male) |
| 26:36 | Investigar | Leather Archer Armor |
| 26:39 | Construir | House |
| 26:41 | Crear | Villager (Male) |
| 27:23 | Crear | Villager (Male) |
| 27:24 | Crear | Villager (Male) |
| 27:31 | Construir | House |
| 27:32 | Construir | House |
| 27:36 | Crear | Villager (Male) |
| 27:36 | Crear | Villager (Male) |
Build order — Kowalski
Primeras 150 de 350 acciones detectadas
| 0:02 | Investigar | Loom |
| 0:03 | Investigar | Loom |
| 0:26 | Construir | Palisade Wall |
| 0:49 | Crear | Villager (Male) |
| 0:49 | Crear | Villager (Male) |
| 1:22 | Crear | Villager (Male) |
| 1:22 | Crear | Villager (Male) |
| 1:30 | Construir | Palisade Wall |
| 1:52 | Crear | Villager (Male) |
| 1:52 | Crear | Villager (Male) |
| 2:19 | Crear | Villager (Male) |
| 2:20 | Crear | Villager (Male) |
| 2:47 | Construir | Palisade Wall |
| 2:53 | Crear | Villager (Male) |
| 2:53 | Crear | Villager (Male) |
| 3:20 | Crear | Villager (Male) |
| 3:21 | Crear | Villager (Male) |
| 3:41 | Construir | House |
| 3:46 | Crear | Villager (Male) |
| 3:46 | Crear | Villager (Male) |
| 4:12 | Construir | Lumber Camp |
| 4:17 | Crear | Villager (Male) |
| 4:17 | Crear | Villager (Male) |
| 4:35 | Crear | Villager (Male) |
| 4:35 | Crear | Villager (Male) |
| 4:54 | Crear | Villager (Male) |
| 4:55 | Crear | Villager (Male) |
| 5:38 | Crear | Villager (Male) |
| 5:38 | Crear | Villager (Male) |
| 5:39 | Crear | Villager (Male) |
| 5:41 | Construir | House |
| 6:58 | Crear | Villager (Male) |
| 6:58 | Crear | Villager (Male) |
| 7:28 | Crear | Villager (Male) |
| 7:40 | Construir | Mill |
| 7:53 | Crear | Villager (Male) |
| 8:32 | Crear | Villager (Male) |
| 9:03 | Crear | Villager (Male) |
| 9:12 | Construir | House |
| 9:21 | Crear | Villager (Male) |
| 9:37 | Crear | Villager (Male) |
| 9:46 | Investigar | Feudal Age |
| 9:51 | Construir | Barracks |
| 9:54 | Crear | Villager (Male) |
| 10:00 | Construir | Mining Camp |
| 11:59 | Edad | Edad Feudal |
| 12:01 | Crear | Villager (Male) |
| 12:04 | Construir | Archery Range |
| 12:10 | Construir | Stone Wall |
| 12:22 | Construir | Stone Wall |
| 12:23 | Crear | Villager (Male) |
| 12:44 | Construir | Stone Wall |
| 12:52 | Crear | Villager (Male) |
| 13:00 | Construir | Stone Wall |
| 13:01 | Crear | Skirmisher |
| 13:01 | Crear | Skirmisher |
| 13:08 | Crear | Villager (Male) |
| 13:11 | Construir | House |
| 13:15 | Investigar | Double-Bit Axe |
| 13:20 | Construir | Blacksmith |
| 13:36 | Construir | House |
| 14:18 | Crear | Villager (Male) |
| 14:21 | Investigar | Castle Age |
| 14:24 | Construir | Mining Camp |
| 14:25 | Crear | Villager (Male) |
| 14:34 | Investigar | Horse Collar |
| 14:47 | Construir | Lumber Camp |
| 14:48 | Crear | Villager (Male) |
| 15:01 | Crear | Archer |
| 15:02 | Crear | Archer |
| 15:22 | Crear | Villager (Male) |
| 15:28 | Construir | Farm |
| 15:28 | Construir | Farm |
| 15:28 | Construir | Farm |
| 15:29 | Construir | Farm |
| 15:29 | Construir | Farm |
| 15:48 | Crear | Skirmisher |
| 16:09 | Construir | Farm |
| 16:16 | Construir | Outpost |
| 16:21 | Investigar | Town Watch |
| 16:24 | Investigar | Fletching |
| 16:31 | Construir | Outpost |
| 16:57 | Construir | Watch Tower |
| 17:07 | Construir | Watch Tower |
| 17:20 | Crear | Villager (Male) |
| 17:23 | Edad | Edad de los Castillos |
| 17:29 | Investigar | Bow Saw |
| 17:34 | Construir | Town Center |
| 17:50 | Investigar | Bodkin Arrow |
| 18:07 | Construir | Stone Wall |
| 18:53 | Construir | Lumber Camp |
| 18:58 | Crear | Villager (Male) |
| 18:58 | Crear | Villager (Male) |
| 19:01 | Construir | House |
| 19:02 | Construir | House |
| 19:05 | Crear | Villager (Male) |
| 19:10 | Construir | Farm |
| 19:11 | Construir | Farm |
| 19:11 | Construir | Farm |
| 19:25 | Crear | Archer |
| 19:59 | Construir | Farm |
| 20:06 | Construir | Siege Workshop |
| 20:24 | Construir | Monastery |
| 20:33 | Construir | Stone Wall |
| 20:34 | Construir | Stone Wall |
| 20:34 | Construir | Stone Wall |
| 20:43 | Crear | Villager (Male) |
| 20:43 | Crear | Villager (Male) |
| 20:47 | Crear | Monk |
| 20:52 | Crear | Scorpion |
| 21:04 | Construir | Stone Wall |
| 21:04 | Construir | Stone Wall |
| 21:05 | Construir | Stone Wall |
| 21:06 | Construir | Stone Wall |
| 21:06 | Construir | Stone Wall |
| 21:10 | Construir | Stone Wall |
| 21:11 | Construir | Stone Wall |
| 21:11 | Construir | Stone Wall |
| 21:34 | Construir | Stone Wall |
| 21:35 | Construir | Stone Wall |
| 21:35 | Construir | Stone Wall |
| 22:03 | Construir | Stone Wall |
| 22:06 | Crear | Villager (Male) |
| 22:29 | Crear | Villager (Male) |
| 22:29 | Crear | Villager (Male) |
| 22:30 | Crear | Villager (Male) |
| 22:31 | Crear | Villager (Male) |
| 22:32 | Crear | Villager (Male) |
| 22:34 | Construir | Farm |
| 22:34 | Construir | Farm |
| 22:34 | Construir | Farm |
| 22:34 | Construir | Farm |
| 22:54 | Crear | Iron Pagoda |
| 22:56 | Crear | Villager (Male) |
| 23:01 | Construir | Farm |
| 23:55 | Crear | Monk |
| 24:21 | Crear | Scorpion |
| 24:22 | Crear | Iron Pagoda |
| 24:34 | Crear | Villager (Male) |
| 24:36 | Construir | Stone Wall |
| 24:39 | Construir | Stone Wall |
| 24:40 | Construir | Stone Wall |
| 24:41 | Crear | Villager (Male) |
| 24:43 | Crear | Villager (Male) |
| 24:43 | Crear | Villager (Male) |
| 24:44 | Crear | Villager (Male) |
| 24:49 | Crear | Villager (Male) |
| 24:55 | Construir | Outpost |
| 24:55 | Crear | Villager (Male) |
| 25:03 | Crear | Villager (Male) |
Build order — TheMasterW
Primeras 150 de 297 acciones detectadas
| 0:00 | Crear | Villager (Male) |
| 0:01 | Crear | Villager (Male) |
| 0:01 | Crear | Villager (Male) |
| 0:03 | Construir | House |
| 0:04 | Construir | House |
| 0:30 | Crear | Villager (Male) |
| 1:03 | Crear | Villager (Male) |
| 1:58 | Construir | Lumber Camp |
| 1:59 | Crear | Villager (Male) |
| 2:30 | Crear | Villager (Male) |
| 2:38 | Construir | House |
| 2:54 | Crear | Villager (Male) |
| 3:23 | Crear | Villager (Male) |
| 3:24 | Crear | Villager (Male) |
| 3:24 | Crear | Villager (Male) |
| 4:00 | Crear | Villager (Male) |
| 4:00 | Crear | Villager (Male) |
| 4:37 | Crear | Villager (Male) |
| 4:52 | Crear | Villager (Male) |
| 5:07 | Crear | Villager (Male) |
| 5:28 | Investigar | Loom |
| 6:04 | Construir | Mill |
| 6:12 | Crear | Villager (Male) |
| 6:42 | Investigar | Feudal Age |
| 7:20 | Crear | Villager (Male) |
| 7:54 | Construir | House |
| 8:27 | Crear | Villager (Male) |
| 8:53 | Edad | Edad Feudal |
| 8:54 | Construir | Barracks |
| 9:32 | Construir | House |
| 9:48 | Crear | Villager (Male) |
| 9:50 | Investigar | Double-Bit Axe |
| 10:05 | Construir | Stable |
| 10:31 | Crear | Villager (Male) |
| 10:52 | Crear | Villager (Male) |
| 11:01 | Crear | Scout Cavalry |
| 11:08 | Construir | House |
| 11:38 | Crear | Scout Cavalry |
| 11:39 | Crear | Villager (Male) |
| 11:45 | Investigar | Horse Collar |
| 11:58 | Crear | Villager (Male) |
| 12:01 | Construir | House |
| 12:14 | Crear | Scout Cavalry |
| 12:42 | Crear | Villager (Male) |
| 13:06 | Crear | Scout Cavalry |
| 13:13 | Construir | Farm |
| 13:13 | Construir | Farm |
| 13:14 | Construir | Farm |
| 13:14 | Construir | Farm |
| 13:14 | Construir | Farm |
| 13:15 | Construir | Farm |
| 13:15 | Construir | Farm |
| 13:19 | Investigar | Wheelbarrow |
| 13:30 | Construir | Blacksmith |
| 13:49 | Crear | Scout Cavalry |
| 14:32 | Investigar | Forging |
| 14:33 | Crear | Villager (Male) |
| 14:35 | Crear | Scout Cavalry |
| 14:36 | Crear | Villager (Male) |
| 14:43 | Construir | Stable |
| 14:56 | Crear | Scout Cavalry |
| 14:57 | Crear | Villager (Male) |
| 15:08 | Construir | Mining Camp |
| 15:15 | Construir | House |
| 15:36 | Crear | Scout Cavalry |
| 15:36 | Crear | Scout Cavalry |
| 15:56 | Construir | House |
| 16:00 | Construir | House |
| 16:02 | Crear | Villager (Male) |
| 16:25 | Crear | Scout Cavalry |
| 16:32 | Crear | Villager (Male) |
| 16:40 | Crear | Scout Cavalry |
| 16:41 | Crear | Scout Cavalry |
| 17:14 | Crear | Scout Cavalry |
| 17:15 | Crear | Scout Cavalry |
| 17:15 | Crear | Villager (Male) |
| 17:33 | Construir | House |
| 18:12 | Crear | Villager (Male) |
| 18:22 | Construir | Farm |
| 18:22 | Construir | Farm |
| 18:22 | Construir | Farm |
| 18:23 | Construir | Farm |
| 18:23 | Construir | Farm |
| 18:23 | Construir | Farm |
| 18:26 | Construir | Farm |
| 18:27 | Construir | Farm |
| 18:27 | Construir | Farm |
| 18:27 | Construir | Farm |
| 18:42 | Construir | House |
| 18:47 | Construir | Farm |
| 18:51 | Crear | Villager (Male) |
| 19:01 | Construir | Farm |
| 19:05 | Crear | Villager (Male) |
| 19:31 | Construir | House |
| 20:04 | Construir | House |
| 20:10 | Investigar | Castle Age |
| 20:10 | Investigar | Castle Age |
| 20:46 | Investigar | Scale Barding Armor |
| 20:51 | Construir | House |
| 21:40 | Construir | House |
| 22:19 | Construir | House |
| 22:50 | Edad | Edad de los Castillos |
| 22:51 | Crear | Villager (Male) |
| 22:54 | Investigar | Light Cavalry (upgrade) |
| 22:55 | Investigar | Bloodlines |
| 23:01 | Construir | Siege Workshop |
| 23:04 | Investigar | Chain Barding Armor |
| 23:15 | Investigar | Heavy Plow |
| 23:17 | Investigar | Bow Saw |
| 23:19 | Crear | Villager (Male) |
| 23:27 | Construir | Town Center |
| 23:30 | Crear | Villager (Male) |
| 23:33 | Investigar | Gold Mining |
| 23:51 | Crear | Armored Elephant |
| 24:19 | Construir | House |
| 24:21 | Crear | Villager (Male) |
| 24:21 | Crear | Villager (Male) |
| 24:33 | Crear | Villager (Male) |
| 25:05 | Crear | Villager (Male) |
| 25:16 | Construir | House |
| 25:21 | Crear | Mangonel |
| 25:29 | Crear | Villager (Male) |
| 25:34 | Crear | Villager (Male) |
| 25:53 | Crear | Villager (Male) |
| 25:53 | Crear | Villager (Male) |
| 26:00 | Construir | Monastery |
| 26:45 | Crear | Monk |
| 26:49 | Investigar | Husbandry |
| 26:49 | Crear | Scout Cavalry |
| 26:50 | Crear | Scout Cavalry |
| 26:54 | Construir | Stable |
| 27:58 | Construir | House |
| 28:28 | Crear | Scout Cavalry |
| 28:28 | Crear | Scout Cavalry |
| 28:29 | Crear | Villager (Male) |
| 28:29 | Crear | Villager (Male) |
| 28:33 | Crear | Armored Elephant |
| 28:39 | Investigar | Iron Casting |
| 28:40 | Crear | Villager (Male) |
| 29:01 | Construir | Siege Workshop |
| 29:18 | Investigar | Hand Cart |
| 29:19 | Crear | Villager (Male) |
| 29:51 | Crear | Armored Elephant |
| 29:52 | Crear | Villager (Male) |
| 29:59 | Construir | Stable |
| 30:27 | Crear | Armored Elephant |
| 30:27 | Crear | Armored Elephant |
| 30:28 | Crear | Villager (Male) |
| 30:32 | Crear | Armored Elephant |
| 30:44 | Construir | Stable |
Build order — chengyp8676
Primeras 150 de 316 acciones detectadas
| 0:02 | Crear | Villager (Male) |
| 0:03 | Crear | Villager (Male) |
| 0:03 | Crear | Villager (Male) |
| 0:04 | Construir | House |
| 0:06 | Construir | House |
| 0:20 | Crear | Villager (Male) |
| 0:20 | Crear | Villager (Male) |
| 1:25 | Crear | Villager (Male) |
| 1:25 | Crear | Villager (Male) |
| 2:01 | Crear | Villager (Male) |
| 2:01 | Crear | Villager (Male) |
| 2:16 | Crear | Villager (Male) |
| 2:16 | Crear | Villager (Male) |
| 2:23 | Construir | House |
| 2:46 | Crear | Villager (Male) |
| 2:46 | Crear | Villager (Male) |
| 3:04 | Construir | House |
| 3:06 | Construir | House |
| 3:09 | Crear | Villager (Male) |
| 3:09 | Crear | Villager (Male) |
| 3:27 | Crear | Villager (Male) |
| 3:28 | Crear | Villager (Male) |
| 3:44 | Construir | Mill |
| 3:46 | Crear | Villager (Male) |
| 3:46 | Crear | Villager (Male) |
| 4:25 | Crear | Villager (Male) |
| 4:25 | Crear | Villager (Male) |
| 4:26 | Crear | Villager (Male) |
| 4:53 | Crear | Villager (Male) |
| 4:53 | Crear | Villager (Male) |
| 5:40 | Crear | Villager (Male) |
| 5:41 | Crear | Villager (Male) |
| 5:41 | Crear | Villager (Male) |
| 5:41 | Crear | Villager (Male) |
| 5:41 | Crear | Villager (Male) |
| 5:42 | Crear | Villager (Male) |
| 5:42 | Crear | Villager (Male) |
| 6:12 | Crear | Villager (Male) |
| 6:12 | Crear | Villager (Male) |
| 7:02 | Construir | Lumber Camp |
| 7:34 | Crear | Villager (Male) |
| 7:46 | Investigar | Feudal Age |
| 8:54 | Construir | Mining Camp |
| 9:18 | Investigar | Loom |
| 9:18 | Investigar | Loom |
| 10:09 | Edad | Edad Feudal |
| 10:13 | Construir | Market |
| 10:19 | Construir | Blacksmith |
| 10:23 | Crear | Villager (Male) |
| 10:59 | Crear | Villager (Male) |
| 11:05 | Investigar | Double-Bit Axe |
| 11:05 | Investigar | Double-Bit Axe |
| 11:26 | Crear | Villager (Male) |
| 11:30 | Construir | House |
| 11:47 | Crear | Villager (Male) |
| 12:18 | Crear | Villager (Male) |
| 12:22 | Crear | Villager (Male) |
| 12:37 | Construir | House |
| 13:00 | Crear | Villager (Male) |
| 13:18 | Construir | Stone Wall |
| 13:24 | Construir | Palisade Gate |
| 13:49 | Investigar | Castle Age |
| 13:50 | Investigar | Castle Age |
| 14:09 | Investigar | Horse Collar |
| 14:21 | Crear | Villager (Male) |
| 14:35 | Crear | Villager (Male) |
| 14:53 | Construir | Farm |
| 14:53 | Construir | Farm |
| 14:54 | Construir | Farm |
| 14:54 | Construir | Farm |
| 14:54 | Construir | Farm |
| 14:54 | Construir | Farm |
| 15:02 | Construir | Farm |
| 15:03 | Construir | Farm |
| 15:18 | Construir | Farm |
| 15:19 | Construir | Farm |
| 16:02 | Construir | Stone Wall |
| 16:10 | Crear | Villager (Male) |
| 16:17 | Investigar | Stone Mining |
| 16:18 | Investigar | Stone Mining |
| 16:29 | Edad | Edad de los Castillos |
| 16:35 | Construir | Farm |
| 16:35 | Construir | Farm |
| 16:36 | Construir | Farm |
| 16:36 | Construir | Farm |
| 16:40 | Construir | Siege Workshop |
| 16:49 | Construir | Farm |
| 17:02 | Construir | Town Center |
| 17:12 | Crear | Villager (Male) |
| 17:21 | Crear | Mangonel |
| 17:29 | Crear | Villager (Male) |
| 17:52 | Crear | Villager (Male) |
| 17:57 | Construir | Farm |
| 17:57 | Construir | Farm |
| 17:57 | Construir | Farm |
| 17:58 | Construir | Farm |
| 17:58 | Construir | Farm |
| 17:58 | Construir | Farm |
| 18:24 | Investigar | Bow Saw |
| 18:24 | Investigar | Bow Saw |
| 18:30 | Crear | Villager (Male) |
| 18:31 | Crear | Villager (Male) |
| 18:36 | Construir | Farm |
| 18:37 | Construir | Farm |
| 18:42 | Crear | Villager (Male) |
| 18:42 | Crear | Villager (Male) |
| 18:59 | Crear | Villager (Male) |
| 19:09 | Crear | Villager (Male) |
| 19:10 | Crear | Villager (Male) |
| 19:25 | Crear | Villager (Male) |
| 19:26 | Crear | Villager (Male) |
| 19:33 | Construir | Farm |
| 19:34 | Construir | Farm |
| 19:34 | Construir | Farm |
| 19:35 | Construir | Farm |
| 19:35 | Construir | Farm |
| 19:35 | Construir | Farm |
| 19:35 | Construir | Farm |
| 19:36 | Construir | Farm |
| 19:38 | Crear | Villager (Male) |
| 19:38 | Crear | Villager (Male) |
| 19:39 | Crear | Villager (Male) |
| 19:55 | Construir | Farm |
| 19:58 | Crear | Villager (Male) |
| 19:58 | Crear | Villager (Male) |
| 19:58 | Crear | Villager (Male) |
| 20:15 | Crear | Villager (Male) |
| 20:32 | Investigar | Heavy Plow |
| 20:32 | Investigar | Heavy Plow |
| 20:34 | Crear | Villager (Male) |
| 20:34 | Crear | Villager (Male) |
| 20:42 | Crear | Villager (Male) |
| 20:43 | Crear | Villager (Male) |
| 20:46 | Construir | House |
| 20:49 | Construir | House |
| 20:50 | Construir | House |
| 21:03 | Crear | Villager (Male) |
| 21:06 | Crear | Villager (Male) |
| 21:13 | Investigar | Gold Mining |
| 21:13 | Investigar | Gold Mining |
| 21:27 | Crear | Villager (Male) |
| 21:35 | Crear | Villager (Male) |
| 21:35 | Crear | Villager (Male) |
| 21:46 | Construir | House |
| 21:46 | Construir | House |
| 21:46 | Construir | House |
| 21:46 | Construir | House |
| 21:47 | Construir | House |
| 21:52 | Crear | Villager (Male) |
| 21:54 | Crear | Villager (Male) |
Build order — DD-Necolash
Primeras 150 de 362 acciones detectadas
| 0:01 | Crear | Villager (Male) |
| 0:01 | Crear | Villager (Male) |
| 0:02 | Crear | Villager (Male) |
| 0:02 | Crear | Villager (Male) |
| 0:04 | Construir | House |
| 0:07 | Construir | House |
| 1:18 | Investigar | Loom |
| 1:30 | Crear | Villager (Male) |
| 1:30 | Crear | Villager (Male) |
| 1:30 | Crear | Villager (Male) |
| 2:08 | Crear | Villager (Male) |
| 2:09 | Crear | Villager (Male) |
| 2:09 | Crear | Villager (Male) |
| 2:42 | Crear | Villager (Male) |
| 2:42 | Crear | Villager (Male) |
| 2:42 | Crear | Villager (Male) |
| 2:59 | Crear | Villager (Male) |
| 2:59 | Crear | Villager (Male) |
| 2:59 | Crear | Villager (Male) |
| 3:36 | Construir | House |
| 4:12 | Crear | Villager (Male) |
| 4:12 | Crear | Villager (Male) |
| 4:12 | Crear | Villager (Male) |
| 4:44 | Crear | Villager (Male) |
| 4:45 | Crear | Villager (Male) |
| 4:56 | Construir | Lumber Camp |
| 4:57 | Crear | Villager (Male) |
| 4:58 | Crear | Villager (Male) |
| 5:52 | Crear | Villager (Male) |
| 5:57 | Construir | House |
| 6:03 | Crear | Villager (Male) |
| 6:03 | Crear | Villager (Male) |
| 6:43 | Crear | Villager (Male) |
| 6:59 | Construir | Mining Camp |
| 7:27 | Crear | Villager (Male) |
| 8:05 | Construir | Mill |
| 8:20 | Crear | Villager (Male) |
| 8:40 | Investigar | Feudal Age |
| 10:10 | Construir | House |
| 10:55 | Edad | Edad Feudal |
| 10:59 | Construir | Stable |
| 11:45 | Crear | Villager (Male) |
| 12:05 | Construir | House |
| 12:14 | Construir | Farm |
| 12:31 | Investigar | Castle Age |
| 12:45 | Construir | Stable |
| 13:13 | Construir | Farm |
| 13:27 | Construir | Farm |
| 13:29 | Construir | Farm |
| 13:35 | Investigar | Horse Collar |
| 13:56 | Crear | Scout Cavalry |
| 13:56 | Crear | Scout Cavalry |
| 14:16 | Construir | Mining Camp |
| 14:39 | Construir | House |
| 14:48 | Crear | Villager (Male) |
| 15:02 | Crear | Villager (Male) |
| 15:11 | Edad | Edad de los Castillos |
| 15:17 | Crear | Villager (Male) |
| 15:51 | Crear | Villager (Male) |
| 16:09 | Construir | House |
| 16:23 | Construir | Market |
| 16:39 | Crear | Villager (Male) |
| 16:59 | Crear | Villager (Male) |
| 17:22 | Construir | Castle |
| 17:48 | Construir | Castle |
| 17:59 | Crear | Villager (Male) |
| 18:10 | Construir | Farm |
| 18:10 | Construir | Farm |
| 18:10 | Construir | Farm |
| 18:11 | Construir | Farm |
| 18:11 | Construir | Farm |
| 18:11 | Construir | Farm |
| 18:11 | Construir | Farm |
| 18:12 | Construir | Farm |
| 18:12 | Construir | Farm |
| 18:12 | Construir | Farm |
| 18:13 | Construir | Farm |
| 18:13 | Construir | Farm |
| 18:13 | Construir | Farm |
| 18:35 | Crear | Knight |
| 18:35 | Crear | Knight |
| 18:43 | Construir | Mining Camp |
| 18:49 | Crear | Villager (Male) |
| 19:38 | Crear | Ballista Elephant |
| 19:44 | Crear | Villager (Male) |
| 20:27 | Crear | Knight |
| 20:53 | Crear | Villager (Male) |
| 20:53 | Crear | Villager (Male) |
| 22:09 | Crear | Villager (Male) |
| 22:09 | Crear | Villager (Male) |
| 22:14 | Crear | Villager (Male) |
| 22:14 | Crear | Villager (Male) |
| 22:20 | Crear | Ballista Elephant |
| 22:21 | Crear | Ballista Elephant |
| 22:47 | Construir | Town Center |
| 22:54 | Crear | Ballista Elephant |
| 23:03 | Crear | Villager (Male) |
| 23:03 | Crear | Villager (Male) |
| 23:04 | Crear | Villager (Male) |
| 23:06 | Construir | Farm |
| 23:40 | Crear | Ballista Elephant |
| 23:41 | Crear | Ballista Elephant |
| 23:41 | Crear | Ballista Elephant |
| 23:53 | Construir | Monastery |
| 23:58 | Crear | Villager (Male) |
| 23:58 | Crear | Villager (Male) |
| 24:28 | Crear | Villager (Male) |
| 24:28 | Crear | Villager (Male) |
| 24:28 | Crear | Villager (Male) |
| 24:41 | Crear | Villager (Male) |
| 24:42 | Crear | Villager (Male) |
| 24:42 | Crear | Villager (Male) |
| 25:28 | Crear | Monk |
| 25:31 | Crear | Villager (Male) |
| 25:31 | Crear | Villager (Male) |
| 25:32 | Crear | Villager (Male) |
| 25:37 | Construir | Farm |
| 25:37 | Construir | Farm |
| 25:38 | Construir | Farm |
| 25:38 | Construir | Farm |
| 25:39 | Crear | Villager (Male) |
| 25:39 | Crear | Villager (Male) |
| 25:40 | Crear | Villager (Male) |
| 26:14 | Crear | Knight |
| 26:14 | Crear | Knight |
| 26:14 | Crear | Knight |
| 26:14 | Crear | Knight |
| 27:15 | Crear | Villager (Male) |
| 27:16 | Crear | Villager (Male) |
| 27:16 | Crear | Villager (Male) |
| 27:16 | Crear | Villager (Male) |
| 27:16 | Crear | Villager (Male) |
| 27:31 | Investigar | Double-Bit Axe |
| 27:32 | Investigar | Double-Bit Axe |
| 27:36 | Construir | Lumber Camp |
| 27:44 | Crear | Villager (Male) |
| 27:44 | Crear | Villager (Male) |
| 27:46 | Construir | Farm |
| 27:49 | Construir | Farm |
| 27:59 | Construir | Town Center |
| 28:03 | Crear | Villager (Male) |
| 28:04 | Crear | Villager (Male) |
| 28:37 | Crear | Villager (Male) |
| 28:51 | Crear | Villager (Male) |
| 28:51 | Crear | Villager (Male) |
| 29:01 | Investigar | Heavy Plow |
| 29:05 | Investigar | Gold Mining |
| 29:13 | Construir | Farm |
| 29:14 | Construir | Farm |
| 29:16 | Construir | Farm |
Cronología de la partida
| 0:08 | Agua Mineral · first_building Barracks |
| 0:26 | Kowalski · wall_segment Palisade Wall x8 |
| 1:30 | Kowalski · wall_segment Palisade Wall x11 |
| 2:47 | Kowalski · wall_segment Palisade Wall x1 |
| 7:43 | Johnny Lausso · first_building Barracks |
| 8:38 | Johnny Lausso · age_up feudal |
| 8:40 | Johnny Lausso · first_building Archery Range |
| 8:53 | TheMasterW · age_up feudal |
| 8:54 | TheMasterW · first_building Barracks |
| 8:55 | Agua Mineral · resign |
| 9:00 | Ghost · first_building Barracks |
| 9:46 | Ghost · age_up feudal |
| 9:51 | Kowalski · first_building Barracks |
| 10:00 | Ghost · first_building Archery Range |
| 10:05 | TheMasterW · first_building Stable |
| 10:09 | chengyp8676 · age_up feudal |
| 10:55 | DD-Necolash · age_up feudal |
| 10:57 | JohnSalchichon · age_up feudal |
| 10:59 | DD-Necolash · first_building Stable |
| 11:13 | Ghost · wall_segment Palisade Wall x1 |
| 11:59 | Kowalski · age_up feudal |
| 12:04 | Kowalski · first_building Archery Range |
| 12:10 | Kowalski · wall_segment Stone Wall x7 |
| 12:22 | Kowalski · wall_segment Stone Wall x11 |
| 12:23 | JohnSalchichon · wall_segment Palisade Wall x1 |
| 12:24 | JohnSalchichon · wall_segment Palisade Wall x1 |
| 12:32 | JohnSalchichon · first_building Barracks |
| 12:44 | Kowalski · wall_segment Stone Wall x10 |
| 12:48 | JohnSalchichon · wall_segment Palisade Wall x1 |
| 12:50 | JohnSalchichon · wall_segment Palisade Wall x1 |
| 13:00 | Kowalski · wall_segment Stone Wall x11 |
| 13:18 | chengyp8676 · wall_segment Stone Wall x7 |
| 13:19 | JohnSalchichon · first_building Stable |
| 14:11 | JohnSalchichon · age_up castle |
| 14:23 | JohnSalchichon · wall_segment Palisade Wall x1 |
| 14:31 | JohnSalchichon · first_market_sell 100 food |
| 14:33 | Johnny Lausso · wall_segment Stone Wall x1 |
| 14:35 | Johnny Lausso · wall_segment Stone Wall x5 |
| 15:11 | DD-Necolash · age_up castle |
| 16:02 | chengyp8676 · wall_segment Stone Wall x6 |
| 16:29 | chengyp8676 · age_up castle |
| 16:40 | chengyp8676 · first_building Siege Workshop |
| 17:12 | DD-Necolash · first_market_buy 100 stone |
| 17:22 | DD-Necolash · first_building Castle |
| 17:23 | Kowalski · age_up castle |
| 18:07 | Kowalski · wall_segment Stone Wall x11 |
| 18:35 | Ghost · first_market_sell 100 wood |
| 18:39 | Ghost · first_market_buy 100 food |
| 18:44 | JohnSalchichon · first_market_buy 100 wood |
| 19:49 | JohnSalchichon · first_building Siege Workshop |
| 20:06 | Kowalski · first_building Siege Workshop |
| 20:24 | Kowalski · first_building Monastery |
| 20:33 | Kowalski · wall_segment Stone Wall x1 |
| 20:34 | Kowalski · wall_segment Stone Wall x1 |
| 20:34 | Kowalski · wall_segment Stone Wall x1 |
| 21:04 | Kowalski · wall_segment Stone Wall x1 |
| 21:04 | Kowalski · wall_segment Stone Wall x1 |
| 21:05 | Kowalski · wall_segment Stone Wall x1 |
| 21:06 | Kowalski · wall_segment Stone Wall x1 |
| 21:06 | Kowalski · wall_segment Stone Wall x1 |
| 21:10 | Kowalski · wall_segment Stone Wall x1 |
| 21:11 | Kowalski · wall_segment Stone Wall x1 |
| 21:11 | Kowalski · wall_segment Stone Wall x1 |
| 21:21 | JohnSalchichon · first_building Monastery |
| 21:34 | Kowalski · wall_segment Stone Wall x1 |
| 21:35 | Kowalski · wall_segment Stone Wall x1 |
| 21:35 | Kowalski · wall_segment Stone Wall x1 |
| 21:53 | Ghost · age_up castle |
| 22:03 | Kowalski · wall_segment Stone Wall x1 |
| 22:39 | chengyp8676 · first_building Castle |
| 22:47 | Johnny Lausso · age_up castle |
| 22:50 | TheMasterW · age_up castle |
| 23:01 | TheMasterW · first_building Siege Workshop |
| 23:53 | DD-Necolash · first_building Monastery |
| 24:24 | chengyp8676 · first_building Barracks |
| 24:36 | Kowalski · wall_segment Stone Wall x1 |
| 24:39 | Kowalski · wall_segment Stone Wall x1 |
| 24:40 | Kowalski · wall_segment Stone Wall x1 |
| 25:25 | chengyp8676 · first_building Archery Range |
| 25:38 | Kowalski · wall_segment Stone Wall x4 |
| 26:00 | TheMasterW · first_building Monastery |
| 27:04 | Kowalski · first_building Castle |
| 27:10 | Kowalski · wall_segment Stone Wall x1 |
| 27:13 | Kowalski · wall_segment Stone Wall x1 |
| 27:51 | Kowalski · wall_segment Stone Wall x1 |
| 28:45 | Kowalski · wall_segment Stone Wall x1 |
| 28:49 | Kowalski · wall_segment Stone Wall x1 |
| 28:49 | Kowalski · wall_segment Stone Wall x1 |
| 28:50 | Kowalski · wall_segment Stone Wall x1 |
| 28:50 | Kowalski · wall_segment Stone Wall x1 |
| 28:51 | Kowalski · wall_segment Stone Wall x1 |
| 28:51 | Kowalski · wall_segment Stone Wall x1 |
| 28:52 | Kowalski · wall_segment Stone Wall x1 |
| 28:52 | Kowalski · wall_segment Stone Wall x1 |
| 28:53 | Kowalski · wall_segment Stone Wall x1 |
| 28:54 | Kowalski · wall_segment Stone Wall x1 |
| 28:55 | Kowalski · wall_segment Stone Wall x1 |
| 32:50 | Kowalski · wall_segment Stone Wall x10 |
| 33:43 | Johnny Lausso · first_market_sell 500 food |
| 33:47 | Johnny Lausso · first_market_buy 500 wood |
| 34:00 | Johnny Lausso · first_building Monastery |
| 34:36 | Ghost · first_building Monastery |
| 34:49 | DD-Necolash · age_up imperial |
| 35:16 | Johnny Lausso · first_building Castle |
| 35:51 | TheMasterW · first_market_buy 100 food |
| 37:49 | chengyp8676 · first_market_sell 500 wood |
| 38:32 | Johnny Lausso · age_up imperial |
| 38:53 | Kowalski · wall_segment Stone Wall x8 |
| 39:02 | TheMasterW · age_up imperial |
| 39:05 | Ghost · age_up imperial |
| 39:14 | chengyp8676 · first_market_buy 100 stone |
| 39:33 | Ghost · first_building Castle |
| 41:07 | Kowalski · wall_segment Stone Wall x1 |
| 41:09 | Kowalski · wall_segment Stone Wall x1 |
| 41:10 | Kowalski · wall_segment Stone Wall x1 |
| 41:11 | Kowalski · wall_segment Stone Wall x1 |
| 41:41 | Kowalski · wall_segment Stone Wall x1 |
| 41:46 | Kowalski · wall_segment Stone Wall x1 |
| 42:18 | Kowalski · first_building Stable |
| 42:59 | Kowalski · age_up imperial |
| 43:30 | Kowalski · tribute_sent a jugador 1 |
| 43:30 | Kowalski · tribute_sent a jugador 2 |
| 43:30 | Kowalski · tribute_sent a jugador 3 |
| 43:30 | Kowalski · tribute_sent a jugador 4 |
| 43:30 | Kowalski · tribute_sent a jugador 6 |
| 43:30 | Kowalski · tribute_sent a jugador 7 |
| 43:30 | Kowalski · tribute_sent a jugador 8 |
[ ANÁLISIS IA · 1 CRÉDITO ]
¿Qué pasó realmente en esta partida?
Wolo.gg analiza cada decisión: build order, eco, micro, errores típicos por bracket. Análisis personalizado por WhatsApp o Discord en 30 segundos.
Guía civ
Incas
Perfil
Agua Mineral